 Seeded DCSS version 0.30.0-29-ga12c61a403 (webtiles) character file.

Game seed: 15767145869209706867 (custom seed)

10595 OTABOTABOTAB the Blocker (level 11, -8/89 HPs)
             Began as a Gnoll Fighter on June 25, 2023.
             Was a High Priest of Okawaru.
             Mangled by a two-headed ogre
             ... wielding a +0 giant club
              (16 damage)
             ... on level 12 of the Dungeon.
             The game lasted 00:15:31 (10819 turns).

OTABOTABOTAB the Blocker (Gnoll Fighter)           Turns: 10819, Time: 00:15:32

Health: -8/89      AC: 21    Str: 23    XL:     11   Next: 64%
Magic:  21/21      EV: 11    Int:  7    God:    Okawaru [*****.]
Gold:   1544       SH:  6    Dex: 15    Spells: 23/23 levels left

rFire   . . .        a - +11 Singing Sword {sonic wave}
rCold   . . .        c - +0 buckler
rNeg    . . .        t - +0 chain mail
rPois   .            l - +1 helmet
rElec   .            o - +0 cloak
rCorr   .            k - +1 pair of gloves
SInv    .            (no boots)
Will    .....        (no amulet)
Stlth   +            A - +4 ring of protection
HPRegen 0.34/turn    F - +6 ring of strength
MPRegen 0.17/turn

%: no passive effects
@: studying Evocations
A: fangs 1, strong nose, distributed training
a: Renounce Religion, Heroism, Finesse, Duel


You were on level 12 of the Dungeon.
You worshipped Okawaru.
Okawaru was extremely pleased with you.
You visited 2 branches of the dungeon, and saw 13 of its levels.
You also visited: Ossuary.

You collected 1624 gold pieces.
You spent 80 gold pieces at shops.

Inventory:

Hand Weapons
 a - the +11 Singing Sword (weapon) {sonic wave}
   (You found it on level 5 of the Dungeon)
 b - the +6 sling of the Thieving Saviour {freeze, Str+3}
   (You found it on level 3 of the Dungeon)

   Str:       It affects your strength (+3).
Missiles
 d - 23 poisoned darts
 h - 8 curare-tipped darts
 i - 11 boomerangs
 j - 2 throwing nets {!d}
 s - 146 stones
 u - 6 javelins
 B - 2 boomerangs of dispersal {=f}
 C - 2 silver boomerangs
Armour
 c - a +0 buckler (worn)
 k - a +1 pair of gloves (worn)
   (You found it on level 5 of the Dungeon)
 l - a +1 helmet (worn)
   (You found it on level 4 of the Dungeon)
 o - a +0 cloak (worn)
   (You found it on level 6 of the Dungeon)
 t - a +0 chain mail (worn)
   (You found it on level 3 of the Dungeon)
Jewellery
 A - a +4 ring of protection (left hand)
   (You found it on level 1 of the Dungeon)
 F - a +6 ring of strength (right hand)
   (You found it on level 11 of the Dungeon)
Wands
 p - a wand of paralysis (5)
   (You found it on level 9 of the Dungeon)
 q - a wand of flame (7)
   (You found it on level 6 of the Dungeon)
 y - a wand of mindburst (10)
   (You found it on level 9 of the Dungeon)
 E - a wand of roots (4)
   (You found it on level 11 of the Dungeon)
 K - a wand of light (3)
   (You found it on level 11 of the Dungeon)
Scrolls
 e - 2 scrolls of enchant weapon
 f - 5 scrolls of amnesia
 g - a scroll of noise {!r}
 m - 2 scrolls of torment {!r}
 w - a scroll of enchant armour
 x - a scroll of vulnerability {unknown}
 z - a scroll of fog
 D - 3 scrolls of blinking {!r}
 O - a scroll of silence
 S - 2 scrolls of summoning
 X - a scroll of magic mapping {@r4!r}
 Y - 6 scrolls of teleportation {@r3}
Potions
 n - 4 potions of attraction {!q}
 r - a potion of cancellation
 v - a potion of degeneration {!q}
 G - a potion of ambrosia {!q}
 H - 3 potions of haste
 I - a potion of might
 J - 3 potions of curing {@q1}
 L - 5 potions of flight
 M - a potion of magic
 N - 4 potions of heal wounds {@q2}
 P - 4 potions of lignification {!q}
 R - a potion of resistance
 T - 3 potions of berserk rage {!q}
 U - 5 potions of mutation {!q}


   Skills:
 + Level 9.5 Fighting
 + Level 6.7 Short Blades
 + Level 8.2 Long Blades
 + Level 6.7 Axes
 + Level 6.7 Maces & Flails
 + Level 6.7 Polearms
 + Level 6.7 Staves
 + Level 6.7 Ranged Weapons
 + Level 6.7 Throwing
 + Level 9.5 Armour
 + Level 6.7 Dodging
 + Level 6.7 Stealth
 + Level 9.5 Shields
 + Level 6.7 Unarmed Combat
 + Level 6.7 Spellcasting
 + Level 5.6 Conjurations
 + Level 5.6 Hexes
 + Level 5.6 Summonings
 + Level 5.6 Necromancy
 + Level 5.6 Translocations
 + Level 5.6 Transmutations
 + Level 5.6 Fire Magic
 + Level 5.6 Ice Magic
 + Level 5.6 Air Magic
 + Level 5.6 Earth Magic
 + Level 5.6 Poison Magic
 + Level 7.4 Invocations
 + Level 6.9 Evocations


You had 23 spell levels left.
You didn't know any spells.
Your spell library contained the following spells:

 Spells                   Type           Power      Damage    Failure   Level
 Apportation              Tloc           20%        N/A       13%         1
 Foxfire                  Conj/Fire      40%        2x1d6     13%         1
 Magic Dart               Conj           40%        1d5       13%         1
 Necrotise                Necr           40%        1d6       13%         1
 Searing Ray              Conj           20%        2d5       19%         2
 Cause Fear               Hex            5%         N/A       77%         4
 Fulminant Prism          Conj/Hex       5%         3d6       77%         4
 Borgnjor's Vile Clutch   Necr/Erth      5%         N/A       98%         5
 Fireball                 Conj/Fire      5%         3d5       98%         5
 Plasma Beam              Fire/Air       5%         2x1d17    100%        6
 Starburst                Conj/Fire      5%         6d4       100%        6
 Dragon Form              Tmut           5%         N/A       100%        7
 Summon Small Mammal      Summ           Unusable   N/A       N/A         1
 Animate Dead             Necr           Unusable   N/A       N/A         4
 Death Channel            Necr           Unusable   N/A       N/A         6
 Dragon's Call            Summ           Unusable   N/A       N/A         9

Dungeon Overview and Level Annotations

Branches:
Dungeon (12/15)            Temple (1/1) D:4            Lair (0/5) D:9
    Orc (0/2) D:10        Ossuary (visited)

Altars:
Ashenzari
Cheibriados
Dithmenos
Elyvilon
Fedhas
Gozag
Hepliaklqana
Kikubaaqudgha
Makhleb
Nemelex Xobeh
Okawaru
Qazlal
Ru
Sif Muna
Trog
Uskayaw
Vehumet
Wu Jian
Xom
Yredelemnul
Zin
The Shining One

Shops:
D:2 !   D:5 (

Annotations:
D:11 2 transporters, BiteMe's ghost, journeyman DsFE


Innate Abilities, Weirdness & Mutations

You have very sharp teeth.
Your uncanny sense of smell can sniff out nearby items.
Your experience applies equally to all skills.


Message History

You block the stone arrow.
You hit the gargoyle but do no damage.
The Singing Sword strikes up a waltz.
You send a blast of sound all around you.
You hear two shouts!
You hear an angry buzzing noise. x2; You hear a shout! x2
The gargoyle hurls a stone arrow at you.
The stone arrow hits you!
You hit the gargoyle but do no damage. The gargoyle barely misses you.
A vampire mosquito comes into view.
You take 13 damage, and have 76/89 hp.
You slash the gargoyle!
The Singing Sword produces a loud orchestral chord.
You send a blast of sound all around you.
You hear an angry buzzing noise. x2
The gargoyle hits you with a +0 morningstar!
You slash the gargoyle!
The gargoyle hurls a stone arrow at you.
The stone arrow hits you but does no damage.
A two-headed ogre comes into view.
It is wielding a +0 giant club and a +0 giant spiked club.
You take 13 damage, and have 63/89 hp.
You slash the gargoyle!
The Singing Sword shouts, "The pen is mightier than the sword?
Come on, pens, here I am!"
You send a blast of sound all around you.
You destroy the gargoyle!
Okawaru accepts your kill.
You hear an angry buzzing noise. x2; You hear a shout! x4
A vampire mosquito comes into view. x2
The vampire mosquito buzzes angrily.
You closely miss the vampire mosquito.
You bite the vampire mosquito, but do no damage.
The vampire mosquito bites you but does no damage.
The vampire mosquito bites you!
The vampire mosquito draws strength from your injuries!
A vampire mosquito comes into view.
You take 8 damage, and have 55/89 hp.
The vampire mosquito buzzes angrily.
You slice the vampire mosquito!!
You destroy the vampire mosquito!
Okawaru accepts your kill.
The vampire mosquito bites you but does no damage.
You miss the vampire mosquito.
The vampire mosquito bites you but does no damage.
The vampire mosquito barely misses you.
You closely miss the vampire mosquito.
You bite the vampire mosquito, but do no damage.
The vampire mosquito barely misses you.
You slash the vampire mosquito!
The vampire mosquito bites you but does no damage. x2
The vampire mosquito misses you.
You closely miss the vampire mosquito.
The vampire mosquito closely misses you.
The vampire mosquito bites you but does no damage.
The vampire mosquito barely misses you.
The two-headed ogre hits you with a +0 giant club!
The two-headed ogre barely misses you.
You block the vampire mosquito's attack.
The vampire mosquito misses you. The vampire mosquito bites you.
The vampire mosquito draws strength from your injuries!
You take 16 damage, and have 40/89 hp.
You are too injured to fight recklessly!
Unknown command.
You are too injured to fight recklessly!
You slice the two-headed ogre!!
You block the vampire mosquito's attack.
The vampire mosquito closely misses you. x3
The vampire mosquito bites you!
The vampire mosquito draws strength from your injuries!
The vampire mosquito bites you.
The vampire mosquito draws strength from your injuries!
The two-headed ogre misses you. The two-headed ogre barely misses you.
You take 10 damage, and have 30/89 hp.
You barely miss the two-headed ogre. The vampire mosquito bites you.
The vampire mosquito draws strength from your injuries!
The vampire mosquito completely misses you.
You block the vampire mosquito's attack.
The vampire mosquito bites you but does no damage.
You block the vampire mosquito's attack.
The vampire mosquito closely misses you.
You take 1 damage, and have 29/89 hp.
You barely miss the two-headed ogre.
You block the vampire mosquito's attack.
The vampire mosquito barely misses you.
The vampire mosquito bites you but does no damage.
The two-headed ogre barely misses you. The two-headed ogre closely misses you.
The vampire mosquito barely misses you.
The vampire mosquito closely misses you.
The vampire mosquito bites you but does no damage.
You barely miss the two-headed ogre.
You bite the two-headed ogre, but do no damage.
The vampire mosquito bites you but does no damage.
The vampire mosquito closely misses you.
The vampire mosquito bites you but does no damage.
The vampire mosquito bites you.
The vampire mosquito draws strength from your injuries!
You block the vampire mosquito's attack.
The vampire mosquito bites you but does no damage.
The two-headed ogre hits you with a +0 giant club!!
* * * LOW HITPOINT WARNING * * *
The two-headed ogre hits you with a +0 giant spiked club!
You die...

#........)......# #.#
#............†#.# #.#
.....##########<.# #.#
.... +...........# #.#
... #########...###.#
.... #......#...#...#
.....##+####....##.###
......yy..#..#....#
#...y@.....#.####
#....O...###.#
#..........#.#
#........#.#.#
##+#...#.#.#.#
)....... >.#
#.#.....#...
#.###.#.#...#


You could see a two-headed ogre and 3 vampire mosquitoes.

Vanquished Creatures
  A two-headed ogre (D:10)
  A boulder beetle (D:9)
  2 cyclopes (D:11)
  A gargoyle (D:12)
  A kobold demonologist (D:10)
  A komodo dragon (D:11)
  An unseen horror (D:11)
  4 trolls
  A hornet (D:9)
  3 wraiths
  3 wyverns
  6 yaks (D:10)
  4 basilisks
  4 vampire mosquitoes (D:12)
  An acid dragon (D:11)
  2 water moccasins
  2 orc warriors
  A swamp drake (D:9)
  2 ice beasts
  2 black bears
  2 centaurs
  A phantom (D:4)
  3 kobold brigands
  4 bullfrogs
  6 scorpions
  5 wights (D:4)
  6 killer bees (D:9)
  An electric eel (D:6)
  5 orc priests
  2 hounds
  2 jellies
  A gnoll bouda (D:6)
  4 iguanas
  9 orc wizards
  15 mummies
  8 adders
  9 gnolls
  2 shadow imps
  A worm (D:2)
  4 dart slugs
  56 orcs
  8 bats
  5 endoplasms
  5 giant cockroaches (D:1)
  6 goblins
  6 hobgoblins
  12 jackals
  16 kobolds
  5 quokkas
  3 ball pythons
  5 frilled lizards
  3 gnoll skeletons (Ossuary)
  2 goblin skeletons (Ossuary)
  A kobold skeleton (Ossuary)
  2 orc skeletons (Ossuary)
  2 quokka zombies (D:5)
  3 rats
  11 rat skeletons (Ossuary)
284 creatures vanquished.

Notes
Turn   | Place    | Note
-------+----------+-------------------------------------------
     0 | D:1      | OTABOTABOTAB the Gnoll Fighter began the quest for the Orb.
     0 | D:1      | Reached XP level 1. HP: 23/23 MP: 1/1
   157 | D:1      | Reached XP level 2. HP: 27/29 MP: 2/2
   510 | D:1      | Reached XP level 3. HP: 34/35 MP: 3/3
  1051 | D:2      | Reached skill level 1 in Invocations
  1343 | D:2      | Reached skill level 1 in Short Blades
  1343 | D:2      | Reached skill level 1 in Axes
  1343 | D:2      | Reached skill level 1 in Maces & Flails
  1343 | D:2      | Reached skill level 1 in Polearms
  1343 | D:2      | Reached skill level 1 in Staves
  1343 | D:2      | Reached skill level 1 in Ranged Weapons
  1343 | D:2      | Reached skill level 1 in Throwing
  1343 | D:2      | Reached skill level 1 in Dodging
  1343 | D:2      | Reached skill level 1 in Stealth
  1343 | D:2      | Reached skill level 1 in Unarmed Combat
  1343 | D:2      | Reached skill level 1 in Spellcasting
  1343 | D:2      | Reached skill level 1 in Evocations
  1485 | D:2      | Found Beanurph's Distillery.
  1547 | D:2      | Bought a potion of curing for 30 gold pieces
  1547 | D:2      | Bought a potion of heal wounds for 50 gold pieces
  1736 | D:3      | Reached XP level 4. HP: 41/41 MP: 5/5
  1768 | D:3      | Found a sparkling altar of Nemelex Xobeh.
  1842 | D:3      | Found a broken altar of Ashenzari.
  1891 | D:3      | Identified the +6 sling of the Thieving Saviour {freeze,
                  | Str+3}
  2697 | D:4      | Reached skill level 1 in Conjurations
  2697 | D:4      | Reached skill level 1 in Hexes
  2697 | D:4      | Reached skill level 1 in Summonings
  2697 | D:4      | Reached skill level 1 in Necromancy
  2697 | D:4      | Reached skill level 1 in Translocations
  2697 | D:4      | Reached skill level 1 in Transmutations
  2697 | D:4      | Reached skill level 1 in Fire Magic
  2697 | D:4      | Reached skill level 1 in Ice Magic
  2697 | D:4      | Reached skill level 1 in Air Magic
  2697 | D:4      | Reached skill level 1 in Earth Magic
  2697 | D:4      | Reached skill level 1 in Poison Magic
  2728 | D:4      | Reached XP level 5. HP: 43/47 MP: 5/7
  2892 | D:4      | Reached skill level 2 in Invocations
  2911 | D:4      | Reached skill level 5 in Long Blades
  2911 | D:4      | Reached XP level 6. HP: 53/53 MP: 8/8
  2922 | D:4      | Reached skill level 2 in Short Blades
  2922 | D:4      | Reached skill level 2 in Axes
  2922 | D:4      | Reached skill level 2 in Maces & Flails
  2922 | D:4      | Reached skill level 2 in Polearms
  2922 | D:4      | Reached skill level 2 in Staves
  2922 | D:4      | Reached skill level 2 in Ranged Weapons
  2922 | D:4      | Reached skill level 2 in Throwing
  2922 | D:4      | Reached skill level 2 in Dodging
  2922 | D:4      | Reached skill level 2 in Stealth
  2922 | D:4      | Reached skill level 2 in Unarmed Combat
  2922 | D:4      | Reached skill level 2 in Spellcasting
  2922 | D:4      | Reached skill level 2 in Evocations
  3047 | D:4      | Found a staircase to the Ecumenical Temple.
  3054 | D:4      | Reached skill level 7 in Fighting
  3054 | D:4      | Reached skill level 7 in Armour
  3054 | D:4      | Reached skill level 7 in Shields
  3054 | D:4      | Reached XP level 7. HP: 55/60 MP: 10/10
  3062 | Temple   | Entered the Ecumenical Temple
  3087 | Temple   | Became a worshipper of Warmaster Okawaru
  3119 | D:4      | Reached skill level 2 in Conjurations
  3119 | D:4      | Reached skill level 2 in Hexes
  3119 | D:4      | Reached skill level 2 in Summonings
  3119 | D:4      | Reached skill level 2 in Necromancy
  3119 | D:4      | Reached skill level 2 in Translocations
  3119 | D:4      | Reached skill level 2 in Transmutations
  3119 | D:4      | Reached skill level 2 in Fire Magic
  3119 | D:4      | Reached skill level 2 in Ice Magic
  3119 | D:4      | Reached skill level 2 in Air Magic
  3119 | D:4      | Reached skill level 2 in Earth Magic
  3119 | D:4      | Reached skill level 2 in Poison Magic
  3338 | D:4      | Reached skill level 3 in Invocations
  3673 | D:5      | Entered Level 5 of the Dungeon
  3693 | D:5      | Reached * piety under Okawaru
  3708 | D:5      | Reached skill level 3 in Short Blades
  3708 | D:5      | Reached skill level 3 in Axes
  3708 | D:5      | Reached skill level 3 in Maces & Flails
  3708 | D:5      | Reached skill level 3 in Polearms
  3708 | D:5      | Reached skill level 3 in Staves
  3708 | D:5      | Reached skill level 3 in Ranged Weapons
  3708 | D:5      | Reached skill level 3 in Throwing
  3708 | D:5      | Reached skill level 3 in Dodging
  3708 | D:5      | Reached skill level 3 in Stealth
  3708 | D:5      | Reached skill level 3 in Unarmed Combat
  3708 | D:5      | Reached skill level 3 in Spellcasting
  3708 | D:5      | Reached skill level 3 in Evocations
  3708 | D:5      | Reached XP level 8. HP: 58/67 MP: 12/12
  3790 | D:5      | Found the +11 Singing Sword {sonic wave}
  3921 | D:5      | Found Henoq's Weapon Shoppe.
  3978 | D:5      | Found a sand-covered staircase.
  3985 | Ossuary  | Entered an ossuary
  4746 | D:5      | Found a glowing silver altar of Zin.
  4862 | D:5      | Reached skill level 3 in Conjurations
  4862 | D:5      | Reached skill level 3 in Hexes
  4862 | D:5      | Reached skill level 3 in Summonings
  4862 | D:5      | Reached skill level 3 in Necromancy
  4862 | D:5      | Reached skill level 3 in Translocations
  4862 | D:5      | Reached skill level 3 in Transmutations
  4862 | D:5      | Reached skill level 3 in Fire Magic
  4862 | D:5      | Reached skill level 3 in Ice Magic
  4862 | D:5      | Reached skill level 3 in Air Magic
  4862 | D:5      | Reached skill level 3 in Earth Magic
  4862 | D:5      | Reached skill level 3 in Poison Magic
  4862 | D:5      | Reached skill level 4 in Invocations
  5240 | D:6      | Reached skill level 6 in Long Blades
  5342 | D:6      | Found a basalt altar of Yredelemnul.
  5522 | D:6      | Reached XP level 9. HP: 73/73 MP: 14/14
  5538 | D:6      | Reached ** piety under Okawaru
  5585 | D:6      | Reached skill level 4 in Short Blades
  5585 | D:6      | Reached skill level 4 in Axes
  5585 | D:6      | Reached skill level 4 in Maces & Flails
  5585 | D:6      | Reached skill level 4 in Polearms
  5585 | D:6      | Reached skill level 4 in Staves
  5585 | D:6      | Reached skill level 4 in Ranged Weapons
  5585 | D:6      | Reached skill level 4 in Throwing
  5585 | D:6      | Reached skill level 4 in Dodging
  5585 | D:6      | Reached skill level 4 in Stealth
  5585 | D:6      | Reached skill level 4 in Unarmed Combat
  5585 | D:6      | Reached skill level 4 in Spellcasting
  5585 | D:6      | Reached skill level 4 in Evocations
  5958 | D:6      | Found a shadowy altar of Dithmenos.
  6397 | D:7      | Reached skill level 8 in Fighting
  6397 | D:7      | Reached skill level 8 in Armour
  6397 | D:7      | Reached skill level 8 in Shields
  6555 | D:7      | Found a snail-covered altar of Cheibriados.
  6979 | D:8      | Reached skill level 5 in Invocations
  7025 | D:8      | Found a radiant altar of Vehumet.
  7540 | D:9      | Noticed a boulder beetle
  7548 | D:9      | Found a glowing golden altar of the Shining One.
  7557 | D:9      | Killed a boulder beetle
  7557 | D:9      | Reached *** piety under Okawaru
  7558 | D:9      | Reached skill level 5 in Short Blades
  7558 | D:9      | Reached skill level 5 in Axes
  7558 | D:9      | Reached skill level 5 in Maces & Flails
  7558 | D:9      | Reached skill level 5 in Polearms
  7558 | D:9      | Reached skill level 5 in Staves
  7558 | D:9      | Reached skill level 5 in Ranged Weapons
  7558 | D:9      | Reached skill level 5 in Throwing
  7558 | D:9      | Reached skill level 5 in Dodging
  7558 | D:9      | Reached skill level 5 in Stealth
  7558 | D:9      | Reached skill level 5 in Unarmed Combat
  7558 | D:9      | Reached skill level 5 in Spellcasting
  7558 | D:9      | Reached skill level 4 in Conjurations
  7558 | D:9      | Reached skill level 4 in Hexes
  7558 | D:9      | Reached skill level 4 in Summonings
  7558 | D:9      | Reached skill level 4 in Necromancy
  7558 | D:9      | Reached skill level 4 in Translocations
  7558 | D:9      | Reached skill level 4 in Transmutations
  7558 | D:9      | Reached skill level 4 in Fire Magic
  7558 | D:9      | Reached skill level 4 in Ice Magic
  7558 | D:9      | Reached skill level 4 in Air Magic
  7558 | D:9      | Reached skill level 4 in Earth Magic
  7558 | D:9      | Reached skill level 4 in Poison Magic
  7558 | D:9      | Reached skill level 5 in Evocations
  7558 | D:9      | Reached XP level 10. HP: 65/81 MP: 17/17
  7680 | D:9      | Reached skill level 7 in Long Blades
  7712 | D:9      | Paralysed by a hornet for 1 turns
  7822 | D:9      | HP: 19/82 [killer bee (4)]
  7829 | D:9      | Reached **** piety under Okawaru
  7829 | D:9      | HP: 18/82 [killer bee (4)]
  8268 | D:9      | Identified a scroll of acquirement
  8271 | D:9      | Acquired 868 gold pieces
  8395 | D:9      | Reached skill level 6 in Invocations
  8482 | D:9      | Found a staircase to the Lair.
  8867 | D:10     | Entered Level 10 of the Dungeon
  8936 | D:10     | Found a hazy altar of Hepliaklqana.
  8936 | D:10     | Noticed a two-headed ogre
  8947 | D:10     | Killed a two-headed ogre
  8970 | D:10     | Noticed a kobold demonologist
  8974 | D:10     | Noticed a smoke demon
  8976 | D:10     | Killed a kobold demonologist
  8992 | D:10     | Reached ***** piety under Okawaru
  8993 | D:10     | Reached skill level 9 in Fighting
  8993 | D:10     | Reached skill level 6 in Short Blades
  8993 | D:10     | Reached skill level 6 in Axes
  8993 | D:10     | Reached skill level 6 in Maces & Flails
  8993 | D:10     | Reached skill level 6 in Polearms
  8993 | D:10     | Reached skill level 6 in Staves
  8993 | D:10     | Reached skill level 6 in Ranged Weapons
  8993 | D:10     | Reached skill level 6 in Throwing
  8993 | D:10     | Reached skill level 9 in Armour
  8993 | D:10     | Reached skill level 6 in Dodging
  8993 | D:10     | Reached skill level 6 in Stealth
  8993 | D:10     | Reached skill level 9 in Shields
  8993 | D:10     | Reached skill level 6 in Unarmed Combat
  8993 | D:10     | Reached skill level 6 in Spellcasting
  8993 | D:10     | Reached skill level 6 in Evocations
  9017 | D:10     | Reached skill level 5 in Conjurations
  9017 | D:10     | Reached skill level 5 in Hexes
  9017 | D:10     | Reached skill level 5 in Summonings
  9017 | D:10     | Reached skill level 5 in Necromancy
  9017 | D:10     | Reached skill level 5 in Translocations
  9017 | D:10     | Reached skill level 5 in Transmutations
  9017 | D:10     | Reached skill level 5 in Fire Magic
  9017 | D:10     | Reached skill level 5 in Ice Magic
  9017 | D:10     | Reached skill level 5 in Air Magic
  9017 | D:10     | Reached skill level 5 in Earth Magic
  9017 | D:10     | Reached skill level 5 in Poison Magic
  9139 | D:10     | Reached XP level 11. HP: 89/89 MP: 20/20
  9212 | D:10     | Found a staircase to the Orcish Mines.
  9306 | D:10     | Found a stormy altar of Qazlal.
  9729 | D:11     | Noticed a cyclops
  9733 | D:11     | Killed a cyclops
  9733 | D:11     | Received a gift from Okawaru
  9741 | D:11     | Reached skill level 7 in Invocations
  9854 | D:11     | Noticed a two-headed ogre
  9858 | D:11     | Noticed a two-headed ogre
  9859 | D:11     | Noticed BiteMe's ghost (journeyman DsFE)
  9859 | D:11     | Noticed a yaktaur captain
  9886 | D:11     | Found a transporter.
  9907 | D:11     | Received a gift from Okawaru
  9908 | D:11     | Reached skill level 8 in Long Blades
  9912 | D:11     | Noticed a cyclops
  9921 | D:11     | Killed a cyclops
 10162 | D:11     | Found a transporter.
 10736 | D:12     | Received a gift from Okawaru
 10808 | D:12     | Noticed a two-headed ogre
 10819 | D:12     | HP: 8/89 [two-headed ogre/+0 giant club (20)]
 10819 | D:12     | Mangled by a two-headed ogre

Illustrated notes

Levels and vault maps discovered:
D:1:      dpeg_arrival_ternary, layout_loops_ring
D:2:      layout_loops_corners, serial_shops, shop, kennysheep_pointless_box
D:3:      layout_basic, evilmike_ruin_ashenzari,
          nemelex_xobeh_ov_fountains_minmay
D:4:      layout_loops_ring, minmay_temple_entry_sparse_star,
          nicolae_kite_square_tiling_tiny, minmay_fractal_squares_gapless_5
D:5:      old_forge, layout_basic, mainiacjoe_overflow_six_doors_small,
          serial_shops, nicolae_shop_advertising_works
          [nicolae_subvault_shop_adworks], enter_ossuary_4
D:6:      layout_basic, mainiacjoe_overflow_swirl, minivault_14
D:7:      layout_basic, slow_altar_1
D:8:      layout_rooms, vehumet_crystals
D:9:      layout_loops_cross, nicolae_tso_swordbearing_angel, erik_lair_dragon
D:10:     layout_irregular_city, grunt_qazlal_sundering,
          mainiacjoe_overflow_small_starburst, hiddenorc1_lemuel
D:11:     layout_roguey, gammafunk_ghost_arena
D:12:     layout_basic, gauntlet_entry_generic
Temple:   hellmonk_temple_two_chambers

Skill      XL: |  1  2  3  4  5  6  7  8  9 10 11 |
---------------+----------------------------------+-----
Invocations    | 1 2 3 4 5 6 7 |  7.4
Short Blades   | 1 2 3 5 6 |  6.7
Axes           | 1 2 3 5 6 |  6.7
Maces & Flails | 1 2 3 5 6 |  6.7
Polearms       | 1 2 3 5 6 |  6.7
Staves         | 1 2 3 5 6 |  6.7
Ranged Weapons | 1 2 3 5 6 |  6.7
Throwing       | 1 2 3 5 6 |  6.7
Dodging        | 1 2 3 5 6 |  6.7
Stealth        | 1 2 3 5 6 |  6.7
Unarmed Combat | 1 2 3 5 6 |  6.7
Spellcasting   | 1 2 3 5 6 |  6.7
Evocations     | 1 2 3 5 6 |  6.9
Conjurations   | 1 2 3 4 5 |  5.6
Hexes          | 1 2 3 4 5 |  5.6
Summonings     | 1 2 3 4 5 |  5.6
Necromancy     | 1 2 3 4 5 |  5.6
Translocations | 1 2 3 4 5 |  5.6
Transmutations | 1 2 3 4 5 |  5.6
Fire Magic     | 1 2 3 4 5 |  5.6
Ice Magic      | 1 2 3 4 5 |  5.6
Air Magic      | 1 2 3 4 5 |  5.6
Earth Magic    | 1 2 3 4 5 |  5.6
Poison Magic   | 1 2 3 4 5 |  5.6
Long Blades    | 5 6 7 8 |  8.2
Fighting       | 7 8 9 |  9.5
Armour         | 7 8 9 |  9.5
Shields        | 7 8 9 |  9.5

Action                     |  1- 3 |  4- 6 |  7- 9 | 10-12 || total
---------------------------+-------+-------+-------+-------++-------
  Melee: Long sword        |   146 |     6 |       |       ||   152
         Bite              |    15 |       |    14 |    23 ||    52
         Double sword      |       |       |   120 |   182 ||   302
   Fire: Sling             |       |    98 |   253 |       ||   351
  Throw: Stone             |     5 |       |       |       ||     5
    Use: Scroll            |       |     3 |    17 |     6 ||    26
         Potion            |       |       |       |     2 ||     2
   Stab: Confused          |       |       |       |     1 ||     1
 Armour: Scale mail        |    93 |     2 |       |       ||    95
         Chain mail        |       |    43 |   151 |   144 ||   338
  Dodge: Dodged            |    79 |    14 |    98 |   101 ||   292
  Block: Buckler           |    55 |    19 |    86 |    96 ||   256

Levels and vault maps discovered:
D:1:      dpeg_arrival_ternary, layout_loops_ring
D:2:      layout_loops_corners, serial_shops, shop, kennysheep_pointless_box
D:3:      layout_basic, evilmike_ruin_ashenzari,
          nemelex_xobeh_ov_fountains_minmay
D:4:      layout_loops_ring, minmay_temple_entry_sparse_star,
          nicolae_kite_square_tiling_tiny, minmay_fractal_squares_gapless_5
D:5:      old_forge, layout_basic, mainiacjoe_overflow_six_doors_small,
          serial_shops, nicolae_shop_advertising_works
          [nicolae_subvault_shop_adworks], enter_ossuary_4
D:6:      layout_basic, mainiacjoe_overflow_swirl, minivault_14
D:7:      layout_basic, slow_altar_1
D:8:      layout_rooms, vehumet_crystals
D:9:      layout_loops_cross, nicolae_tso_swordbearing_angel, erik_lair_dragon
D:10:     layout_irregular_city, grunt_qazlal_sundering,
          mainiacjoe_overflow_small_starburst, hiddenorc1_lemuel
D:11:     layout_roguey, gammafunk_ghost_arena
D:12:     layout_basic, gauntlet_entry_generic
Temple:   hellmonk_temple_two_chambers

Table legend: (Time is in decaauts)
 A = Elapsed time spent in this place.
 B = Non-inter-level travel time spent in this place.
 C = Inter-level travel time spent in this place.
 D = Time resting spent in this place.
 E = Time spent auto-exploring this place.
 F = Levels seen in this place.
 G = Mean time per level.
                   A        B        C        D        E       F      G
               +--------+--------+--------+--------+--------+-----+--------+
         Total |  11119 |  10685 |    434 |    230 |   8652 |  14 |  794.2 |
       Dungeon |  10449 |  10024 |    425 |    230 |   8242 |  12 |  870.8 |
        Temple |     34 |     25 |      9 |      0 |     18 |   1 |   34.0 |
       Ossuary |    634 |    634 |      0 |      0 |    392 |   1 |  634.0 |
               +--------+--------+--------+--------+--------+-----+--------+

Top non-repeatable levels by time:
     D:9: 1414 daAuts
     D:4: 1084 daAuts
    D:11: 1038 daAuts
     D:5: 1016 daAuts
     D:6: 941 daAuts
     D:3: 922 daAuts
     D:2: 890 daAuts
     D:1: 869 daAuts
    D:10: 838 daAuts
     D:7: 740 daAuts
 Ossuary: 634 daAuts
     D:8: 603 daAuts
    D:12: 90 daAuts
  Temple: 34 daAuts

Table legend:
 A = Kills in this place as a percentage of kills in the entire game.
 B = Kills by you in this place as a percentage of kills by you in the entire game.
 C = Kills by friends in this place as a percentage of kills by friends in the entire game.
 D = Other kills in this place as a percentage of other kills in the entire game.
 E = Experience gained in this place as a percentage of experience gained in the entire game.
 F = Experience gained in this place divided by the number of levels of this place that you have seen.
                   A       B       C       D       E      F
               +-------+-------+-------+-------+-------+----------------------
         Total | 100.0 | 100.0 |   N/A |   N/A | 100.0 | 1081.2
       Dungeon |  88.4 |  88.4 |   N/A |   N/A |  98.2 | 1238.3
       Ossuary |  11.6 |  11.6 |   N/A |   N/A |   1.8 | 277.0
               +-------+-------+-------+-------+-------+----------------------
